Cogmind - Beta 14 @@@ ROGUE MODE // 2024.09.13 @ 18:18:50 Player: c05-3m Result: Destroyed by as-95282 with Assembled Heavy Rifle Performance ------------- Evolutions (0) 0 Regions Visited (2) 400 Robots Destroyed (6) 30 Value Destroyed (149) 149 Prototype IDs (0) 0 Alien Tech Used (0) 0 Bonus (75) 75 TOTAL SCORE: 654 Bonus ------- Follower Combat Kills 75 Cogmind --------- Core Integrity 0/250 Matter 290/300 Energy 95/100 System Corruption 0% Temperature Cool (0) Movement Core (150) Ox2 Location -10/Mines Parts ------- > --- POWER (1) -------- (None) > --- PROPULSION (2) --- (None) > --- UTILITY (2) ------ Small Storage Unit Transport Network Coupler > --- WEAPON (2) ------- Medium Laser > --- INVENTORY (8) ---- Ion Engine Compact Wheel Machine Analyzer Signal Interpreter Peak State ------------ > --- POWER ------------ Light Nuclear Core > --- PROPULSION ------- Light Treads Light Treads > --- UTILITY ---------- Small Storage Unit Transport Network Coupler > --- WEAPON ----------- Light Assault Rifle Light Assault Rifle > --- INVENTORY -------- Ion Engine Wheel Compact Wheel Machine Analyzer Signal Interpreter Medium Laser Light Assault Rifle Signal Generator [Rating: 10] Favorites ----------- Power Light Ion Engine Engine Light Ion Engine Power Core Light Nuclear Core Propulsion Light Treads Treads Light Treads Leg Aluminum Leg Wheel Compact Wheel Utility Small Storage Unit Storage Small Storage Unit Processor Transport Network Coupler Weapon Light Assault Rifle Energy Gun EM Pulse Gun Ballistic Gun Light Assault Rifle Build | -11 -10 -10 ------- Run | Yrd Mat Min Slots Evolved . | . . . Power . | . . . Propulsion . | . . . Utility . | . . . Weapon . | . . . Parts Attached 11 | 2 2 7 Power 2 | . . 2 Engine 1 | . . 1 Core 1 | . . 1 Reactor . | . . . Propulsion 4 | 2 . 2 Treads 2 | 2 . . Leg . | . . . Wheel 2 | . . 2 Hover . | . . . Flight . | . . . Utility 1 | . 1 . Device . | . . . Storage . | . . . Processor 1 | . 1 . Hackware . | . . . Protection . | . . . Artifact . | . . . Weapon 4 | . 1 3 Energy Gun 1 | . . 1 Energy Cannon . | . . . Ballistic Gun 3 | . 1 2 Ballistic Cannon . | . . . Launcher . | . . . Special Weapon . | . . . Impact Weapon . | . . . Slashing Weapon . | . . . Piercing Weapon . | . . . Special Melee Weapon . | . . . Unidentified Prototypes . | . . . Parts Lost 8 | . . 8 Power 2 | . . 2 Propulsion 3 | . . 3 Utility . | . . . Weapon 3 | . . 3 Highest Loss Streak 4 | . . 4 To Critical Strikes . | . . . Average Slot Usage (%) 95 | . 94 96 Engine 9 | . 14 5 Core 3 | . . 6 Treads 23 | . 28 18 Wheel 4 | . . 7 Storage 14 | . 14 14 Processor 11 | . 8 14 Energy Gun 4 | . 8 . Ballistic Gun 23 | . 19 26 Peak Build Rating 10 | 6 7 10 Average Rating 7 | 6 6 8 On Entrance 6 | 6 6 7 Naked Turns . | . . . Heaviest Build 12 | 11 11 12 Greatest Support 40 | 40 40 40 Greatest Overweight (x) . | . . . Average Overweight (x) . | . . . Largest Inventory Capacity 8 | 8 8 8 Average Capacity 8 | 8 8 8 Most Carried 8 | 6 7 8 Average Carried 6 | 4 5 6 Final Capacity 8 | 8 8 8 Final Carried 6 | 4 6 4 Class Distribution -------------------- 100% | Mutant Dominant Class ---------------- Mutant | -10/Materials Mutant | -10/Mines Resources | -11 -10 -10 ----------- Run | Yrd Mat Min Matter Collected 367 | 205 49 113 Remotely . | . . . Salvage Created 270 | . 172 98 Parts 13 | . 13 . Haulers Intercepted 1 | . 1 . Recyclers Shooed . | . . . Parts Field Recycled . | . . . Retrieved Matter . | . . . Parts Self-Destructed . | . . . Prevented . | . . . Kills | -11 -10 -10 ------- Run | Yrd Mat Min Combat Hostiles Destroyed 11 | . 3 8 Guns 11 | . 3 8 Classes Destroyed 6 | . 4 2 Hauler 1 | . 1 . Watcher 1 | . 1 . Swarmer 1 | . 1 . Grunt 2 | . 2 . Demolisher 1 | . . 1 Assembled 7 | . . 7 Best Kill Streak 5 | . 3 5 Combat Bots Only 5 | . 3 5 Max Kills in Single Turn 1 | . 1 1 Gunslinging . | . . . Exploded . | . . . Melee . | . . . Uniques/NPCs Destroyed . | . . . Combat | -11 -10 -10 -------- Run | Yrd Mat Min Hostile Shots Fired 84 | . 10 74 Missed 21 | . 2 19 Damage Taken 1042 | . 76 966 Core 257 | . 18 239 Absorbed by Shields . | . . . Core Remaining (%) 100 | 100 . . Volleys Fired 53 | . 14 39 Largest 2 | . 2 2 Hottest 60 | . 60 40 Shots Fired 104 | . 28 76 Gun 104 | . 28 76 Cannon . | . . . Launcher . | . . . Special . | . . . Kinetic 92 | . 16 76 Thermal . | . . . Explosive . | . . . Electromagnetic 12 | . 12 . Robot Hit Streak 11 | . 6 11 Robot Miss Streak 3 | . 2 3 Penetration Max . | . . . Secondary Targets 1 | . . 1 Max Gunslinging Chain 1 | . . 1 Shots Hit Robots 61 | . 17 44 Core Hits 31 | . 7 24 Critical Kills 1 | . . 1 Critical Parts Destroyed . | . . . Critical Strikes 1 | . . 1 Destroy 1 | . . 1 Melee Attacks . | . . . Impact . | . . . Slashing . | . . . Piercing . | . . . Sneak Attacks . | . . . Combat Hostiles . | . . . Follow-up Attacks . | . . . Damage Inflicted 543 | . 196 347 Guns 543 | . 196 347 Cannons . | . . . Explosions . | . . . Melee . | . . . Ramming . | . . . Kinetic 399 | . 52 347 Thermal . | . . . Explosive . | . . . Electromagnetic 144 | . 144 . Impact . | . . . Slashing . | . . . Piercing . | . . . Highest Corruption . | . . . Average Corruption . | . . . Corruption Purged . | . . . Corruption Blocked . | . . . Overload Shots . | . . . Overflow Damage . | . . . Projectiles . | . . . Explosions . | . . . Melee . | . . . Knockbacks . | . . . Impact . | . . . Kinetic . | . . . Secondary . | . . . Self-Inflicted Damage . | . . . Shots . | . . . Rammed 1 | . . 1 Targets Rammed 1 | . . 1 Kicked . | . . . Crushed . | . . . Highest Temperature 52 | . 52 34 Average Temperature 10 | . 18 7 Received Heat Transfer 84 | . 24 60 Siege Activations . | . . . Robots Corrupted . | . . . Combat Hostiles . | . . . Parts Fried . | . . . Impact Corruptions . | . . . Robots Melted . | . . . Combat Hostiles . | . . . Parts Melted . | . . . Heat Transferred . | . . . Parts Sabotaged . | . . . Parts Stolen . | . . . Parts Stripped . | . . . Power Chain Reactions . | . . . Alert | -11 -10 -10 ------- Run | Yrd Mat Min Peak Influence 409 | . 409 267 Initial 159 | . . 159 Average 210 | . 197 227 Maximum Alert Level 2 | . 2 1 Low Security (%) 35 | 100 49 20 Level 1 52 | . 25 79 Level 2 12 | . 25 . Level 3 . | . . . Level 4 . | . . . Level 5 . | . . . High Security . | . . . Max Security . | . . . Squads Dispatched 4 | . 3 1 Investigation 2 | . 2 . Extermination . | . . . Reinforcement 1 | . 1 . Assault 1 | . . 1 Garrison . | . . . Intercept . | . . . Searches Triggered . | . . . Construction Impeded . | . . . Haulers Reinforced . | . . . Active Scanning Responses . | . . . Cargo Convoy Interrupts . | . . . Stealth | -11 -10 -10 --------- Run | Yrd Mat Min Distress Signals . | . . . Communications Jammed . | . . . Distress Signals . | . . . Times Spotted 36 | . 9 27 Peak Tracking Total 9 | . 4 9 Tactical Retreats 3 | . 1 2 Traps | -11 -10 -10 ------- Run | Yrd Mat Min Traps Triggered 2 | . 2 . Indirectly . | . . . Trap Hack Attempts . | . . . Triggered . | . . . Disarmed . | . . . Reprogrammed . | . . . Reused . | . . . Traps Extracted . | . . . Installed . | . . . Triggered . | . . . Machines | -11 -10 -10 ---------- Run | Yrd Mat Min Machines Disabled . | . . . Max in Single Turn . | . . . Machines Repaired . | . . . Machines Dismantled . | . . . Machines Sabotaged . | . . . Overloaded Fab Kills . | . . . Hacking | -11 -10 -10 --------- Run | Yrd Mat Min Machines Accessed 1 | . 1 . Terminals 1 | . 1 . Fabricators . | . . . Repair Stations . | . . . Recycling Units . | . . . Scanalyzers . | . . . Garrison Access . | . . . Total Hacks 2 | . 2 . Successful 1 | . 1 . Failed 1 | . 1 . Catastrophic . | . . . Database Lockouts . | . . . Manual 2 | . 2 . Terminals 2 | . 2 . Fabricators . | . . . Repair Stations . | . . . Recycling Units . | . . . Scanalyzers . | . . . Garrison Access . | . . . Terminal Hacks . | . . . Fabricator Hacks . | . . . Repair Station Hacks . | . . . Recycling Unit Hacks . | . . . Scanalyzer . | . . . Garrison Access Hacks . | . . . Unauthorized Hacks 1 | . 1 . Terminals 1 | . 1 . Botnet 1 | . 1 . Fabricators . | . . . Repair Stations . | . . . Recycling Units . | . . . Scanalyzers . | . . . Garrison Access . | . . . Data Cores Recovered . | . . . Used . | . . . Hacking Detections 1 | . 1 . Full Trace Events . | . . . Feedback Events . | . . . Feedback Blocked . | . . . Robot Schematics Acquired . | . . . Robots Built . | . . . Authchips . | . . . Time . | . . . Total Robot Build Rating . | . . . Part Schematics Acquired . | . . . Parts Built . | . . . Authchips . | . . . Time . | . . . Total Part Build Rating . | . . . Parts Repaired . | . . . Time . | . . . Parts Recycled . | . . . Recycled Matter . | . . . Retrieved Matter . | . . . Retrieved Components . | . . . Parts Scanalyzed . | . . . Part Schematics Acquired . | . . . Parts Damaged . | . . . Bothacking | -11 -10 -10 ------------ Run | Yrd Mat Min Used RIF Installer . | . . . Robots Hacked . | . . . Non-combat . | . . . Combat . | . . . Robot Hacks Applied . | . . . Relay Couplers Released . | . . . Fabnet Peak Effective % . | . . . Robots Rewired . | . . . Allies Hacked . | . . . Hacks Repelled . | . . . Allies | -11 -10 -10 -------- Run | Yrd Mat Min Total Allies 1 | . . 1 Largest Group 1 | . . 1 Highest-Rated Group 31 | . . 31 Highest-Rated Ally 31 | . . 31 Total Orders . | . . . Ally Attacks 12 | . . 12 Total Damage 210 | . . 210 Kills 3 | . . 3 Allies Corrupted . | . . . Allies Melted . | . . . Intel | -11 -10 -10 ------- Run | Yrd Mat Min Robot Analysis Total . | . . . Derelict Logs Recovered . | . . . Drone Launches . | . . . Drone Recoveries . | . . . Exploration | -11 -10 -10 ------------- Run | Yrd Mat Min Turns Passed 722 | 8 342 372 Spaces Moved 380 | 3 185 192 Core . | . . . Treads 293 | 3 185 105 Legs . | . . . Wheels 87 | . . 87 Hover . | . . . Flight . | . . . Fastest Speed 90 | 160 160 90 Average Speed 144 | 160 160 128 Slowest Speed 160 | 160 160 160 Overloaded Moves . | . . . Propulsion Burnouts . | . . . Robots Hopped . | . . . Cave-ins Triggered . | . . . Exploration Rate (%) 28 | 2 36 46 Regions Visited 2 Branch Regions 1 Pre-discovered Areas . | . . . Known Exits Taken . | . . . Unknown Exits Taken 2 | 1 1 . Scrap Searched . | . . . Spaces Dug . | . . . Terrain Destroyed . | . . . Melee . | . . . Projectile . | . . . AOE . | . . . Terrain Rammed . | . . . Walls Destroyed . | . . . Machines Disabled . | . . . Actions | -11 -10 -10 --------- Run | Yrd Mat Min Total 469 | 6 206 257 Wait 11 | . 2 9 Move 378 | 2 184 192 Hop . | . . . Pick Up 6 | . 2 4 Fast Attach 3 | . 2 1 Attach 4 | . . 4 Detach 2 | . 1 1 Swap 4 | 2 . 2 Drop 7 | 2 1 4 Fire 53 | . 14 39 Melee . | . . . Ram . | . . . Kick . | . . . Crush 1 | . . 1 Escape Stasis . | . . . Rewire . | . . . Trap . | . . . Miscellaneous . | . . . Route ------- -11/Scrapyard -10/Materials -10/Mines History --------- Turn | Location | Event 6 | -11/Scrapyard | Discovered new exit (range 1) 9 | -11/Scrapyard | Entered Materials 291 | -10/Materials | Discovered new exit (range 8) 301 | -10/Materials | Build established: Mutant 351 | -10/Materials | Entered Mines 352 | -10/Mines | Met a Derelict testing a Signal Generator 369 | -10/Mines | Found Signal Generator 406 | -10/Mines | Assembled infested the area 478 | -10/Mines | Core integrity fell below 50% 642 | -10/Mines | Lost 3 parts (2n1w) 719 | -10/Mines | Core integrity fell below 20% 723 | -10/Mines | Destroyed by as-95282 with Assembled Heavy Rifle Last Messages --------------- 00615_ as-09649 destroyed. 00621_ K-01 Serf collects debris. 00627_ Acquired 45 matter. 00628_ K-01 Serf collects debris. 00629_ Acquired Com. Wheel. 00631_ K-01 Serf collects debris. 00631_ U-05 Engineer lays Concrete. 00634_ K-01 Serf collects debris. 00671_ as-62303 suffers critical hit (Destroy). 00671_ as-62303 destroyed. 00681_ Acquired 11 matter. 00683_ Acquired 1 matter. 00692_ K-01 Serf collects debris. 00702_ Lgt. Assault Rifle destroyed. 00704_ K-01 Serf collects debris. 00711_ Lgt. Assault Rifle destroyed. 00712_ Wheel destroyed. 00715_ Lgt. Nuclear Core destroyed. 00723_ Dropped Com. Wheel. 00723_ Dropped Signal Generator. Map ----- +----------------------------------------------------+ | ??????????????????????????????????????????## # # | | ???????????????????????????????????????????# # | | ??????????????????????????????????????????## # | | ??????????????????????????????????????????## # # | | ??????????????????????????????????????????##!% | | ?????????????????????????????????????????## % %# | | ?????????????????????????????????????????# % | | ????????????????????????????????????????# % | | ???????????????????????????????????????# ## | | ???????????????????????????????????????# ?#### | | ???????????????????????????????????????## ????? | | ????????????????????????????????????????## ###### | | ?????????????????????????????????######??#= | | ????????????????????????????????## ### ?##### | | ????????????????????????????????# ??????? | | ????????????????????????????????# ???????# | | ?????????????????????????????????# #????????# | | ??????????????????????????????????# ##??????## | | ??????????????????????????????????# ######## | | ??????????????????????????????????# " !%|! | | ?????????????????????????????????## % % * | | ??????????????????????###???????## %=###%! | | ?????????????????????## ##?????# ###! | | ??????????????# ????## #?????# % ### | | ???????????????# ## &#?????## #?## | | ????????????????# @##?????### ##??? | | ?????????????????# ####????# ##???? | | ?????????????????# ### ###### ## ##????? | | ?????????????????# ????### a ## =##?????? | | ?????????????????????????## ##!%#??????? | | ??????????????????????????## ## ####### #??????? | | ???????????????????????????##### #?????# #??????? | | ???????????????????????????????# #?????# #??????? | | ???????????????????????????????# #?????# #??????? | | ???????????????????????????????# #????? #??????? | | ???????????????????????????????# #????? #??????? | | ???????????????????????????????# #????? #??????? | | ???????????????????????????????# ???? =%##??????? | | ???????????????????????????????###???? ????????? | | ?????????????????????????????????????? ????????? | | ?????????????????????????????????????? ????????? | | ?????????????????????????????????????? %????????? | | ???????????????????????????????????????%=????????? | | ???????????????????????????????????????=%????????? | | ?????????????????????????????????????????????????? | | ?????????????????????????????????????????????????? | | ?????????????????????????????????????????????????? | | ?????????????????????????????????????????????????? | | ?????????????????????????????????????????????????? | | ?????????????????????????????????????????????????? | +----------------------------------------------------+ Best States ------------- Heat Dissipation 25 Energy Generation 14 Energy Capacity 160 Matter Stores 300 Matter Capacity 300 Sight Range 16 Terrain Scan Density 10 Evasion (%) 42 Recoil Reduction 2 Item Schematics ----------------- None Robot Schematics ------------------ None Fabricated ------------ Nothing Alien Tech Used ----------------- None Achievements -------------- None Challenges ------------ None Game ------ Seed MultinovaMultitargetingLog Manual? 0 Play Time 00:06:36 Cumulative 92.0 hours Start 2024.09.13 @ 18:10:15 End 2024.09.13 @ 18:18:50 Sessions 1 Manual Loads 0 Difficulty Rogue Special Mode None Game No. 104 Rogue 104 Adventurer 0 Explorer 0 Win Type - Total 3 Types 2/0/1/0/0/0/0/0/0 Lore% 45 Gallery% 55 Achievement% 48 Wizard Run 0 Options --------- Layout 1 ASCII 0 Keyboard 0 Movement Mouse Keybinds 0 Fullscreen 2 Font 48/Smallcaps Map View 50x35 Zoom Use 0% Tactical HUD 1 Map Filters SHIFT_HUE(280) Filters LOW_CONTRAST(13,24,33)|SHIFT_HUE(80) Steam 1 RUN: 25152937-b093-4858-ad18-61a90a2ee33b